 Dungeon Crawl Stone Soup version 0.19.0-24-gb05acd6 (webtiles) character file.

137 Gargoyl the Skirmisher (level 5, 42/42 HPs)
             Began as a Demonspawn Abyssal Knight on Nov 23, 2016.
             Was a Believer of Lugonu.
             Quit the game on level 3 of the Dungeon.
             The game lasted 00:05:02 (2310 turns).

Gargoyl the Skirmisher (Demonspawn Abyssal Knight)  Turns: 2310, Time: 00:05:03

Health: 42/42      AC:  6    Str: 14    XL:     5   Next: 0%
Magic:  7/7        EV: 10    Int: 13    God:    Lugonu [**....]
Gold:   80         SH:  0    Dex: 12    Spells: 0 memorised, 4 levels left

rFire  + . .     SeeInvis .     a - +1 hand axe
rCold  . . .     Gourm    .     d - +0 ring mail
rNeg   . . .     Faith    .     (no shield)
rPois  .         Spirit   +     (helmet restricted)
rElec  .         Reflect  .     (no cloak)
rCorr  .         Harm     .     k - +0 pair of gloves
MR     .....                    (no boots)
Stlth  +.........               (no amulet)
                                (no ring)
                                e - ring of protection from fire

@: no status effects
A: hooves 1, horns 1, nightstalker 1, magic shield
a: Depart the Abyss, Bend Space, Renounce Religion


You were on level 3 of the Dungeon.
You worshipped Lugonu.
Lugonu was pleased with you.
You were not hungry.

You visited 1 branch of the dungeon, and saw 3 of its levels.
You visited the Abyss 1 time.

You collected 80 gold pieces.

Inventory:

Hand Weapons
 a - a +1 hand axe (weapon)
Missiles
 t - a silver tomahawk (quivered)
Armour
 d - a +0 ring mail (worn)
 k - a +0 pair of gloves (worn)
Jewellery
 e - a ring of protection from fire (left hand)
Scrolls
 f - 2 scrolls of blinking {unknown}
 h - 3 scrolls of remove curse {unknown}
 j - a scroll of immolation {unknown}
 m - a scroll of teleportation {unknown}
 n - a scroll of identify {unknown}
 o - a scroll of magic mapping {unknown}
 r - a scroll of noise {unknown}
Potions
 g - a potion of cancellation {unknown}
 i - a potion of haste {unknown}
 l - a potion of flight {unknown}
Books
 p - a book of Misfortune

   Spells                             Type                      Level
   a - Confusing Touch                Hexes                        1
   b - Confuse                        Hexes                        3
   c - Gell's Gravitas                Hexes/Translocation          3
   d - Petrify                        Transmutation/Earth          4
   e - Metabolic Englaciation         Hexes/Ice                    5
   f - Yara's Violent Unravelling     Hexes/Transmutation          5
Comestibles
 b - 3 meat rations
 c - a bread ration


   Skills:
 + Level 3.7 Fighting
 + Level 2.8 Axes
 * Level 3.0 Armour
 + Level 1.0 Dodging
 * Level 3.4 Invocations


You had 4 spell levels left.
You didn't know any spells.

Dungeon Overview and Level Annotations

Branches:
Dungeon (3/15)

Altars:


Innate Abilities, Weirdness & Mutations

You have large cloven feet.
You have a pair of small horns on your head.
You are slightly more attuned to the shadows.
When hurt, damage is shared between your health and your magic reserves.


Message History

You barely miss the giant cockroach. Your kick misses the giant cockroach.
You headbutt the giant cockroach.
The giant cockroach is almost dead.
The giant cockroach bites you but does no damage.
You closely miss the giant cockroach.
You kick the giant cockroach, but do no damage.
The giant cockroach is almost dead.
The giant cockroach barely misses you.
The giant cockroach bites you but does no damage.
You closely miss the giant cockroach.
The giant cockroach is almost dead.
The giant cockroach bites you but does no damage.
You slash the giant cockroach!
You kill the giant cockroach!
Lugonu accepts your kill.
You have reached level 5!
Your demonic ancestry asserts itself...
You feel your magical essence form a protective shroud around your flesh.
A bat comes into view.
Are you sure you want to abandon this character and quit the game? (Confirm with "yes".)

.≈ .. . ..# . #.#
.# #.# .# #b# ##
#.# #.# #@# #.#
#.# #.# #.#
################.#
.................#
..################
..#


You could see a bat.

Vanquished Creatures
  An orc priest (D:3)
  An adder (D:3)
  4 oozes
  2 worms (D:2)
  2 dart slugs (D:2)
  5 leopard geckos
  3 orcs
  3 bats
  4 giant cockroaches
  3 hobgoblins
  5 jackals (D:1)
  A ball python (D:2)
  6 frilled lizards
  10 goblins
  11 kobolds
  2 rats (D:1)
63 creatures vanquished.

Notes
Turn   | Place    | Note
-------+----------+-------------------------------------------
     0 | Abyss:1  | Gargoyl the Demonspawn Abyssal Knight began the quest for the Orb.
     0 | Abyss:1  | Reached XP level 1. HP: 18/18 MP: 2/2
   112 | Abyss:1  | Noticed a hellwing
   115 | D:1      | Escaped the Abyss
   328 | D:1      | Gained mutation: You have large cloven feet. [demonic ancestry]
   328 | D:1      | Reached XP level 2. HP: 24/24 MP: 3/3
   339 | D:1      | Reached * piety under Lugonu
   554 | D:1      | Gained mutation: You are slightly more attuned to the shadows. [demonic ancestry]
   554 | D:1      | Reached XP level 3. HP: 29/29 MP: 4/4
  1010 | D:2      | Reached skill level 1 in Dodging
  1144 | D:2      | Reached ** piety under Lugonu
  1459 | D:2      | Gained mutation: You have a pair of small horns on your head. [demonic ancestry]
  1459 | D:2      | Reached XP level 4. HP: 35/36 MP: 6/6
  2293 | D:3      | Gained mutation: When hurt, damage is shared between your health and your magic reserves. [demonic ancestry]
  2293 | D:3      | Reached XP level 5. HP: 42/42 MP: 7/7
  2310 | D:3      | Quit the game

Skill      XL: |  1  2  3  4 |
---------------+-------------+-----
Armour         | 2 3 |  3.0
Axes           | 2 |  2.8
Dodging        | 1 |  1.0
Invocations    | 3 |  3.4
Fighting       | |  3.7

Action                   |  1- 3 |  4- 6 || total
-------------------------+-------+-------++-------
Melee: Hand axe          |   142 |    61 ||   203
       Kick              |    30 |    15 ||    45
       Headbutt          |       |    11 ||    11
Throw: Tomahawk          |       |     4 ||     4
Invok: Depart the Abyss  |     1 |       ||     1
  Use: Potion            |       |     3 ||     3
  Eat: Chunk             |     2 |     3 ||     5
Armor: Ring mail         |    73 |    47 ||   120
Dodge: Dodged            |   102 |    57 ||   159
